 Dungeon Crawl Stone Soup version 0.25.0-45-g978344163c (webtiles) character file.

Game seed: 2059353938110443639

18908 Kold the Cleaver (level 13, -2/97 HPs)
             Began as a Formicid Fighter on July 11, 2020.
             Was a High Priest of Makhleb.
             Slain by a salamander
             ... wielding a +0 halberd
              (7 damage)
             ... in a volcano.
             The game lasted 00:31:48 (11411 turns).

Kold the Cleaver (Formicid Fighter)                Turns: 11411, Time: 00:31:48

Health: -2/97      AC: 19    Str: 26    XL:     13   Next: 0%
Magic:  19/19      EV: 13    Int:  8    God:    Makhleb [*****.]
Gold:   938        SH: 12    Dex: 10    Spells: 12/12 levels left

rFire    + . .     SeeInvis +   B - +1 war axe (elec)
rCold    + + .     Gourm    .   c - +0 kite shield
rNeg     . . .     Faith    .   t - +4 scale mail {MR+}
rPois    +         Spirit   .   (helmet unavailable)
rElec    +         Reflect  .   (no cloak)
rCorr    +         Harm     .   (no gloves)
MR       ++...                  b - +2 pair of boots {Fly}
Stlth    ..........             h - amulet of regeneration
HPRegen  0.66/turn              i - +4 ring of protection
MPRegen  0.16/turn              v - ring of protection from cold

@: resistant, flying
A: permanent stasis, dig shafts and tunnels, four strong arms, antennae 3
a: Dig, Shaft Self, Minor Destruction, Lesser Servant of Makhleb, Major
Destruction, Greater Servant of Makhleb, Renounce Religion, Stop Flying


You were in a volcano.
You worshipped Makhleb.
Makhleb was extremely pleased with you.
You were not hungry.

You visited 3 branches of the dungeon, and saw 14 of its levels.
You also visited: Volcano.

You collected 1508 gold pieces.
You spent 570 gold pieces at shops.

Inventory:

Hand Weapons
 y - a +2 short sword of electrocution
 B - a +1 war axe of electrocution (weapon)
Armour
 b - a +2 pair of boots of flying (worn)
 c - a +0 kite shield (worn)
 t - a +4 scale mail of magic resistance (worn)
 x - a +1 ring mail of cold resistance
Jewellery
 h - an amulet of regeneration (around neck)
 i - a +4 ring of protection (left hand)
 k - an uncursed ring of positive energy
 v - a ring of protection from cold (right hand)
 F - an uncursed amulet of reflection
Wands
 g - a wand of flame (7)
 o - a wand of clouds (4)
 C - a wand of polymorph (4)
Scrolls
 l - 11 scrolls of identify
 r - a scroll of remove curse
 u - 6 scrolls of amnesia
Potions
 a - 2 potions of ambrosia {unknown}
 d - 2 potions of might
 j - 3 potions of stabbing
 n - a potion of flight
 p - a potion of brilliance {unknown}
 s - 5 potions of curing
Comestibles
 f - 20 rations


   Skills:
 + Level 7.6 Fighting
 * Level 13.4 Axes
 + Level 8.5 Armour
 + Level 6.5 Dodging
 - Level 9.0 Shields
 + Level 8.5 Invocations


You had 12 spell levels left.
You didn't know any spells.
Your spell library contained the following spells:

 Spells                   Type           Power        Failure   Level  Hunger
 Animate Skeleton         Necr           N/A          65%         1    ##.....
 Pain                     Necr           #...         65%         1    ##.....
 Shock                    Conj/Air       #...         65%         1    ##.....
 Static Discharge         Conj/Air       #.......     95%         3    ####...
 Vampiric Draining        Necr           #.........   95%         3    ####...
 Airstrike                Air            #.........   100%        4    #####..
 Animate Dead             Necr           N/A          100%        4    #####..
 Agony                    Necr           #.......     100%        5    ######.
 Lightning Bolt           Conj/Air       #.........   100%        5    ######.
 Swiftness                Chrm/Air       Unusable     N/A         2    N/A

Dungeon Overview and Level Annotations

Branches:
Dungeon (11/15)            Temple (1/1) D:5            Lair (0/6) D:10
    Orc (2/2) D:9             Elf (0/3) Orc:2       Volcano (1/1)

Altars:
Ashenzari
Cheibriados
Dithmenos
Elyvilon
Fedhas
Gozag
Hepliaklqana
Kikubaaqudgha
Makhleb
Nemelex Xobeh
Okawaru
Qazlal
Ru
Sif Muna
Trog
Uskayaw
Wu Jian
Xom
Yredelemnul
Zin
Beogh

Shops:
D:9 ([

Annotations:
D:9 1 runed translucent door
D:11 3 runed translucent doors


Innate Abilities, Weirdness & Mutations

You cannot be hasted, slowed, berserked, paralysed or teleported.
You can dig through walls and to a lower floor.
Your four strong arms can wield two-handed weapons with a shield.
You have a pair of large antennae on your head. (SInv)


Message History

Your smoke demon gestures at the salamander mystic.
The salamander mystic is smitten.
The salamander completely misses you.
The salamander mystic gestures at you while chanting.
The lance of force hits you!
* * * LOW HITPOINT WARNING * * *
You are knocked back by the lance of force.
Press: ? - help, Shift-Dir - straight line, f - salamander mystic
Aim: a salamander mystic, wielding a +0 quarterstaff and wearing a +0 robe (severely wounded)
The iron shot hits the salamander mystic!
The salamander mystic is almost dead.
Your smoke demon gestures at the salamander mystic.
The salamander mystic is smitten.
The salamander mystic dies!
Makhleb accepts your kill.
You have reached level 13!
Your smoke demon hits the salamander.
Your smoke demon barely misses the salamander.
Your smoke demon hits the salamander but does no damage.
The salamander hits you with a +0 halberd!
You die...

§§≈≈≈≈≈≈§§§≈≈≈≈§≈≈§≈≈≈≈§≈§≈≈§≈≈§§
≈≈≈..≈≈≈.§§≈≈≈≈§§≈≈≈≈≈≈≈§§≈§§§≈≈≈
...§§..≈.................≈§§≈≈≈§≈
≈§§§≈§≈§########'########.§§≈§≈≈≈
≈§§§≈§≈§# #.# #..§≈≈≈≈§ ≈§≈≈≈≈≈.#
{ #.# { #.≈≈≈≈≈≈§ §≈≈≈≈≈≈.# #.#
#.≈≈≈≈≈≈≈ §§§≈§§§.# #.# #.§≈≈≈≈≈≈
≈§≈§§≈≈.######.#@#.######.≈≈≈≈≈≈≈
§≈≈§≈≈§§#......#N#......#§§§§≈≈≈≈
§§§≈≈≈§.###++###'###++###.≈≈§≈≈≈≈
≈§§≈≈≈≈§# #.3)N.# #..≈≈≈≈§§
≈≈≈≈≈§§§# { #.8_8N# { #.≈§≈§≈§§
≈§§§§≈§.# +.....+ #§.§≈≈≈§≈
≈§≈§≈≈≈.#################§§§§§≈§§
≈≈§§≈≈≈≈..§..§...........§§§§≈≈≈≈
§≈≈≈§≈§≈.≈.≈§§§≈§§≈≈≈≈≈≈≈§§§§§≈≈≈


You could see 2 salamanders and a friendly smoke demon (summoned).

Vanquished Creatures
  A two-headed ogre (D:9)
  An orc high priest (Orc:2)
  Nergalle (Orc:1)
  An unseen horror (D:11)
  6 orc sorcerers
  An ugly thing (D:7)
  A salamander (Volcano)
  3 cyclopes
  2 trolls (Orc:1)
  A hornet (D:8)
  A hippogriff (D:10)
  2 fire bats (Volcano)
  Eustachio (D:5)
  9 yaks
  2 water moccasins
  A soldier ant (D:9)
  2 sky beasts
  3 ice beasts (D:10)
  22 orc warriors
  19 ogres
  4 necrophages
  2 phantoms
  11 centaurs
  A big kobold (D:8)
  4 bullfrogs
  3 scorpions
  A killer bee (D:9)
  2 wights (D:8)
  5 howler monkeys
  2 electric eels
  4 crimson imps
  8 lava snakes (Volcano)
  4 quasits
  4 bullfrog zombies
  A jelly (D:8)
  2 centaur skeletons
  14 orc priests
  4 hounds
  18 orc wizards
  A bullfrog skeleton (D:11)
  5 iguanas
  12 worker ants
  A killer bee zombie (D:7)
  A hound zombie (D:7)
  2 hound skeletons (D:8)
  A mummy (D:8)
  3 worker ant zombies
  15 adders
  3 gnolls (D:8)
  3 oozes
  An adder zombie (D:6)
  An adder skeleton (D:4)
  5 worms
  A dart slug (D:3)
  3 leopard geckos
  66 orcs
  12 bats
  7 giant cockroaches
  7 goblins
  4 hobgoblins (D:1)
  10 jackals
  3 quokkas
  4 frilled lizards
  2 jackal skeletons
  15 kobolds
  A quokka zombie (D:7)
  7 rats
  2 butterflies (D:9)
372 creatures vanquished.

Vanquished Creatures (collateral kills)
  A salamander mystic (Volcano)
1 creature vanquished.

Grand Total: 373 creatures vanquished

Notes
Turn   | Place    | Note
-------+----------+-------------------------------------------
     0 | D:1      | Kold the Formicid Fighter began the quest for the Orb.
     0 | D:1      | Reached XP level 1. HP: 18/18 MP: 1/1
   110 | D:1      | Reached XP level 2. HP: 23/24 MP: 2/2
   517 | D:1      | Reached XP level 3. HP: 29/29 MP: 3/3
   576 | D:1      | Reached skill level 3 in Axes
   679 | D:2      | Reached XP level 4. HP: 29/35 MP: 4/4
  1230 | D:2      | Found a faded altar of an unknown god.
  1367 | D:3      | Reached skill level 5 in Shields
  1460 | D:3      | Reached XP level 5. HP: 37/41 MP: 5/5
  1897 | D:4      | Reached skill level 4 in Axes
  1940 | D:4      | Noticed an ogre
  1992 | D:4      | Noticed an ogre
  2033 | D:4      | Reached XP level 6. HP: 47/47 MP: 6/6
  2088 | D:3      | Killed an ogre
  2146 | D:4      | Killed an ogre
  2146 | D:4      | Reached skill level 5 in Axes
  2146 | D:4      | Reached XP level 7. HP: 27/52 MP: 7/7
  3282 | D:4      | Reached skill level 6 in Axes
  3504 | D:5      | Entered Level 5 of the Dungeon
  3548 | D:5      | Noticed Eustachio
  3667 | D:5      | Reached XP level 8. HP: 57/58 MP: 8/8
  3701 | D:5      | Found a staircase to the Ecumenical Temple.
  3710 | Temple   | Entered the Ecumenical Temple
  3732 | Temple   | Became a worshipper of Makhleb the Destroyer
  4483 | D:6      | Reached skill level 7 in Axes
  4750 | D:5      | Killed Eustachio
  4777 | D:5      | Reached skill level 8 in Axes
  4780 | D:5      | Reached XP level 9. HP: 57/64 MP: 9/9
  4996 | D:5      | Found a hide-covered altar of Uskayaw.
  5229 | D:7      | Reached * piety under Makhleb
  5310 | D:7      | Reached skill level 9 in Axes
  5396 | D:7      | Noticed a cyan ugly thing
  5639 | D:7      | Found a hazy altar of Hepliaklqana.
  5639 | D:7      | Found an ornate altar of the Wu Jian Council.
  5809 | D:7      | Reached skill level 1 in Invocations
  5812 | D:7      | Reached skill level 1 in Dodging
  5840 | D:7      | Killed a cyan ugly thing
  5840 | D:7      | Reached skill level 10 in Axes
  5937 | D:7      | Noticed a troll
  6004 | D:8      | Noticed a hornet
  6014 | D:8      | Killed a hornet
  6018 | D:8      | Reached XP level 10. HP: 56/70 MP: 10/12
  6245 | D:8      | Reached ** piety under Makhleb
  6281 | D:8      | Reached skill level 5 in Armour
  6945 | D:9      | Reached *** piety under Makhleb
  6949 | D:9      | Found a staircase to the Orcish Mines.
  6949 | D:9      | Found Ubiobes's Armour Boutique.
  6951 | D:9      | Found Feanex's Weapon Boutique.
  6963 | D:9      | Bought a +1 pair of boots of flying for 198 gold pieces
  7018 | D:9      | Found a runed translucent door.
  7019 | D:9      | Found a runed translucent door.
  7042 | D:9      | Reached skill level 11 in Axes
  7136 | D:9      | Found an ancient bone altar of Kikubaaqudgha.
  7155 | D:9      | Found a shimmering blue altar of Sif Muna.
  7159 | D:9      | Found a snail-covered altar of Cheibriados.
  7241 | D:9      | Noticed a cyclops
  7254 | D:10     | Entered Level 10 of the Dungeon
  7326 | D:10     | Reached skill level 5 in Invocations
  7433 | D:10     | Reached XP level 11. HP: 78/78 MP: 14/14
  7864 | D:10     | Reached **** piety under Makhleb
  7938 | D:10     | Found a staircase to the Lair.
  8168 | D:11     | Reached skill level 5 in Fighting
  8324 | D:11     | Found a blossoming altar of Fedhas.
  8431 | D:11     | Found a runed translucent gate.
  8432 | D:11     | Found a runed translucent gate.
  8432 | D:11     | Noticed a red ugly thing
  8433 | D:11     | Found a runed translucent gate.
  8433 | D:11     | Noticed a green ugly thing
  8433 | D:11     | Noticed a red very ugly thing
  8434 | D:11     | Noticed a cyan ugly thing
  8434 | D:11     | Noticed a white ugly thing
  8434 | D:11     | Noticed a white ugly thing
  8724 | D:11     | Noticed a cyclops
  8732 | D:11     | Killed a cyclops
  8732 | D:11     | Reached skill level 12 in Axes
  8758 | D:11     | Noticed a cyclops
  8769 | D:11     | Killed a cyclops
  8851 | D:11     | Reached skill level 5 in Dodging
  9056 | D:11     | Noticed an unseen horror
  9063 | D:11     | Killed an unseen horror
  9939 | D:9      | Noticed a two-headed ogre
  9947 | D:9      | Killed a two-headed ogre
  9947 | D:9      | Reached XP level 12. HP: 67/88 MP: 17/17
 10070 | D:9      | Bought a +4 scale mail of magic resistance for 372 gold
                  | pieces
 10170 | Orc:1    | Entered Level 1 of the Orcish Mines
 10441 | Orc:1    | Found a roughly hewn altar of Beogh.
 10487 | Orc:1    | Noticed Nergalle
 10501 | Orc:1    | Killed Nergalle
 10505 | Orc:1    | Reached ***** piety under Makhleb
 10631 | Orc:2    | Entered Level 2 of the Orcish Mines
 10659 | Orc:2    | Reached skill level 13 in Axes
 10711 | Orc:2    | Found a staircase to the Elven Halls.
 10743 | Orc:2    | Noticed an orc high priest
 10774 | Orc:2    | Killed an orc high priest
 11014 | Orc:2    | Found a dark tunnel.
 11027 | Volcano  | Entered a volcano
 11394 | Volcano  | Found a radiant altar of Vehumet.
 11394 | Volcano  | Noticed a salamander mystic
 11409 | Volcano  | Killed a salamander mystic
 11409 | Volcano  | Reached XP level 13. HP: 4/97 MP: 19/19
 11411 | Volcano  | Slain by a salamander

Illustrated notes

Levels and vault maps discovered:
D:1:      ncdulo_halloftheorcs, layout_loops_ring
D:2:      layout_loops_ring, chequers_ecumenical_altar_twisty, first_ration,
          kennysheep_path_1
D:3:      minmay_wonky_spiral, layout_basic
D:4:      layout_basic, grunt_ministairs_13, st_stairs_6, minmay_vboxes
D:5:      layout_basic, lemuel_doored_altar, minmay_temple_entry_glass,
          serial_bayou_lagoon_b, uniq_eustachio
D:6:      layout_basic
D:7:      minmay_the_grid_octo_triangle [minmay_the_grid_octo_clover,
          minmay_the_grid_octo_prize_ultimate_mussel_roller,
          minmay_the_grid_octo_77], layout_gridville,
          chequers_temple_overflow_statue_of_worship
D:8:      layout_gridville, serial_undead, serial_undead_b, serial_undead_c,
          serial_undead_f, serial_undead_c, grunt_pizzeria, st_stairs_8
D:9:      lemuel_insect_pit, layout_basic, minmay_overflow_temple_star_quad,
          orc_david_3, lightli_minifort
D:10:     layout_loops_ring, lair_entry_dummy, kennysheep_generic_room_11
D:11:     layout_rooms, special_room [special_room_orc],
          ploomutoo_gammafunk_ghost_potion_laboratory, basic_altar, minivault_4
Temple:   nicolae_temple_x_marks_the_god
Orc:1:    layout_diamond_mine, basic_altar, uniq_nergalle
Orc:2:    grunt_orc_cross, layout_caves, enter_volcano_1, mines_bat_river
Volcano:  volcano_lake [vl_original]

Skill      XL: |  1  2  3  4  5  6  7  8  9 10 11 12 |
---------------+-------------------------------------+-----
Shields        | 4 5 6 7 9 |  9.0
Axes           | 3 4 5 6 8 10 11 12 13 | 13.4
Invocations    | 3 5 7 8 |  8.5
Dodging        | 2 4 5 6 |  6.5
Armour         | 4 5 7 8 |  8.5
Fighting       | 4 6 7 |  7.6

Action                   |  1- 3 |  4- 6 |  7- 9 | 10-12 | 13-15 || total
-------------------------+-------+-------+-------+-------+-------++-------
Melee: War axe           |    74 |   159 |   359 |   759 |       ||  1351
Invok: Minor Destruction |       |       |       |     6 |       ||     6
       Major Destruction |       |       |       |     4 |       ||     4
       Lesser Servant of |       |       |       |     1 |       ||     1
 Abil: Dig               |     1 |       |    10 |    23 |       ||    34
Evoke: Wand              |       |     1 |     9 |       |       ||    10
  Use: Scroll            |       |     2 |     1 |    14 |       ||    17
       Potion            |       |       |       |     3 |       ||     3
  Eat: Chunk             |       |     4 |    11 |    21 |       ||    36
       Ration            |       |       |     1 |     1 |       ||     2
Armor: Scale mail        |    38 |    54 |   105 |    93 |       ||   290
       Ring mail         |       |       |       |    80 |       ||    80
Dodge: Dodged            |    40 |    47 |   109 |   232 |       ||   428
Block: Kite shield       |    39 |    73 |   225 |   392 |       ||   729
